PA
SOUTH BEACH BLAZE @ YELLOWKNIFE DRAGONBLOOD
07/28/2028
 
TOP OF THE 1ST
South Beach Blaze batting - Pitching for Yellowknife Dragonblood : LHP Earl Farley
Pitching: LHP Earl Farley
Batting: RHB Stanley van de Ven 0-0: Called Strike
0-1: SINGLE (Line Drive, 78S)
Batting: RHB Harlan Peppers 0-0: Ball
1-0: Fly out, F4 (Flyball, 4D)
Batting: LHB Sepulveda Zambrano 0-0: Called Strike
0-1: Called Strike
Stanley van de Ven is caught stealing 2nd base
0-2: Fly out, F2 (Popup, 13)
Top of the 1st over - 0 run(s), 1 hit(s), 0 error(s), 0 left on base; South Beach 0 - Yellowknife 0
BOTTOM OF THE 1ST
Yellowknife Dragonblood batting - Pitching for South Beach Blaze : RHP Malulani Anakone
Pitching: RHP Malulani Anakone
Batting: RHB Mareka Naidoo 0-0: Called Strike
0-1: Foul Ball, location: 2F
0-2: Strikes out swinging
Batting: LHB Ashley Thachi 0-0: Ball
1-0: Foul Ball, location: 2F
1-1: Ball
2-1: Foul Ball, location: 2F
2-2: Ball
3-2: Foul Ball, location: 2F
3-2: Ground out U3 (Groundball, 3L)
Batting: LHB Jayden Laming 0-0: Ball
1-0: Called Strike
1-1: Ball
2-1: Ground out 4-3 (Groundball, 4)
Bottom of the 1st over - 0 run(s), 0 hit(s), 0 error(s), 0 left on base; South Beach 0 - Yellowknife 0
TOP OF THE 2ND
South Beach Blaze batting - Pitching for Yellowknife Dragonblood : LHP Earl Farley
Batting: RHB Omer Yurtseven 0-0: Ground out 6-3 (Groundball, 6)
Batting: RHB Daniel Bertrand 0-0: Ball
1-0: Called Strike
1-1: Ball
2-1: Swinging Strike
2-2: Ball
3-2: Ground out 6-3 (Groundball, 6)
Batting: RHB Shizuo Heiwajaima 0-0: Ball
1-0: Swinging Strike
1-1: Foul Ball, location: 2F
1-2: Strikes out swinging
Top of the 2nd over - 0 run(s), 0 hit(s), 0 error(s), 0 left on base; South Beach 0 - Yellowknife 0
BOTTOM OF THE 2ND
Yellowknife Dragonblood batting - Pitching for South Beach Blaze : RHP Malulani Anakone
Batting: RHB Juan López 0-0: Ball
1-0: Foul Ball, location: 2F
1-1: Swinging Strike
1-2: Strikes out swinging
Batting: SHB Miklos Elias 0-0: Ball
1-0: Called Strike
1-1: Swinging Strike
1-2: Foul Ball, location: 2F
1-2: Ball
2-2: Ball
3-2: Strikes out looking
Batting: LHB Juan Macíel 0-0: Ground out 5-3 (Groundball, 56)
Bottom of the 2nd over - 0 run(s), 0 hit(s), 0 error(s), 0 left on base; South Beach 0 - Yellowknife 0
TOP OF THE 3RD
South Beach Blaze batting - Pitching for Yellowknife Dragonblood : LHP Earl Farley
Batting: RHB Greg Schiff 0-0: Called Strike
0-1: Foul Ball, location: 2F
0-2: Strikes out swinging
Batting: LHB Don Nordahl 0-0: Foul Ball, location: 2F
0-1: Fly out, F4 (Line Drive, 4M)
Batting: LHB Raymond Graham 0-0: Swinging Strike
0-1: Swinging Strike
0-2: Foul Ball, location: 2F
0-2: Ball
1-2: Fly out, F7 (Flyball, 7)
Top of the 3rd over - 0 run(s), 0 hit(s), 0 error(s), 0 left on base; South Beach 0 - Yellowknife 0
BOTTOM OF THE 3RD
Yellowknife Dragonblood batting - Pitching for South Beach Blaze : RHP Malulani Anakone
Batting: LHB Santiago Miranda 0-0: Ball
1-0: Ball
2-0: Ball
3-0: Called Strike
3-1: DOUBLE (Line Drive, 89D)
Batting: RHB José García 0-0: SINGLE (Groundball, 34) (infield hit)
Santiago Miranda to third
Batting: SHB Sean Scheetz 0-0: Ball
José García is caught stealing 2nd base
1-0: Fly out, F4 (Popup, 4)
Batting: RHB Mareka Naidoo 0-0: Swinging Strike
0-1: Foul Ball, location: 2F
0-2: Strikes out swinging, 2-3 out at first.
Bottom of the 3rd over - 0 run(s), 2 hit(s), 0 error(s), 1 left on base; South Beach 0 - Yellowknife 0
TOP OF THE 4TH
South Beach Blaze batting - Pitching for Yellowknife Dragonblood : LHP Earl Farley
Batting: RHB Stanley van de Ven 0-0: Fly out, F5 (Line Drive, 56)
Batting: RHB Harlan Peppers 0-0: Swinging Strike
0-1: Swinging Strike
0-2: Ball
1-2: Ball
2-2: Ball
3-2: Strikes out looking
Batting: LHB Sepulveda Zambrano 0-0: Ground out 4-3 (Groundball, 4)
Top of the 4th over - 0 run(s), 0 hit(s), 0 error(s), 0 left on base; South Beach 0 - Yellowknife 0
BOTTOM OF THE 4TH
Yellowknife Dragonblood batting - Pitching for South Beach Blaze : RHP Malulani Anakone
Batting: LHB Ashley Thachi 0-0: SINGLE (Line Drive, 6D)
Batting: LHB Jayden Laming 0-0: Called Strike
0-1: Foul Ball, location: 2F
0-2: Strikes out looking
Batting: RHB Juan López 0-0: Called Strike
0-1: SINGLE (Line Drive, 9LS)
Ashley Thachi to second
Batting: SHB Miklos Elias 0-0: Swinging Strike
0-1: Ground out 4-3 (Groundball, 4S)
Ashley Thachi to third
Juan López to second
Batting: LHB Juan Macíel 0-0: Ball
1-0: Foul Ball, location: 2F
1-1: Ball
2-1: Ground out 6-3 (Groundball, 6D)
Bottom of the 4th over - 0 run(s), 2 hit(s), 0 error(s), 2 left on base; South Beach 0 - Yellowknife 0
TOP OF THE 5TH
South Beach Blaze batting - Pitching for Yellowknife Dragonblood : LHP Earl Farley
Batting: RHB Omer Yurtseven 0-0: Ball
1-0: Foul Ball, location: 2F
1-1: Swinging Strike
1-2: Strikes out swinging
Batting: RHB Daniel Bertrand 0-0: Fly out, F9 (Flyball, 9)
Batting: RHB Shizuo Heiwajaima 0-0: Ball
1-0: Called Strike
1-1: Ball
2-1: Called Strike
2-2: Foul Ball, location: 2F
2-2: Ground out 6-3 (Groundball, 6D)
Top of the 5th over - 0 run(s), 0 hit(s), 0 error(s), 0 left on base; South Beach 0 - Yellowknife 0
BOTTOM OF THE 5TH
Yellowknife Dragonblood batting - Pitching for South Beach Blaze : RHP Malulani Anakone
Batting: LHB Santiago Miranda 0-0: Called Strike
0-1: Foul Ball, location: 2F
0-2: Ball
1-2: Ball
2-2: Foul Ball, location: 2F
2-2: Ball
3-2: Strikes out swinging
Batting: RHB José García 0-0: Called Strike
0-1: Swinging Strike
0-2: Ball
1-2: Ball
2-2: Foul Ball, location: 2F
2-2: Strikes out swinging
Batting: SHB Sean Scheetz 0-0: Ball
1-0: Foul Ball, location: 2F
1-1: Ball
2-1: Swinging Strike
2-2: Ball
3-2: Strikes out swinging
Bottom of the 5th over - 0 run(s), 0 hit(s), 0 error(s), 0 left on base; South Beach 0 - Yellowknife 0
TOP OF THE 6TH
South Beach Blaze batting - Pitching for Yellowknife Dragonblood : LHP Earl Farley
Batting: RHB Greg Schiff 0-0: Called Strike
0-1: Ball
1-1: Foul Ball, location: 2F
1-2: Ground out 5-3 (Groundball, 56)
Batting: LHB Don Nordahl 0-0: Ball
1-0: Called Strike
1-1: Foul Ball, location: 2F
1-2: Ball
2-2: Strikes out looking
Batting: LHB Raymond Graham 0-0: Ball
1-0: Foul Ball, location: 2F
1-1: Called Strike
1-2: Strikes out swinging
Top of the 6th over - 0 run(s), 0 hit(s), 0 error(s), 0 left on base; South Beach 0 - Yellowknife 0
BOTTOM OF THE 6TH
Yellowknife Dragonblood batting - Pitching for South Beach Blaze : RHP Malulani Anakone
Batting: RHB Mareka Naidoo 0-0: Ball
1-0: Ball
2-0: Swinging Strike
2-1: Swinging Strike
2-2: Strikes out looking
Batting: LHB Ashley Thachi 0-0: Fly out, F7 (Line Drive, 78M)
Batting: LHB Jayden Laming 0-0: Ball
1-0: Swinging Strike
1-1: Called Strike
1-2: Strikes out swinging
Bottom of the 6th over - 0 run(s), 0 hit(s), 0 error(s), 0 left on base; South Beach 0 - Yellowknife 0
TOP OF THE 7TH
South Beach Blaze batting - Pitching for Yellowknife Dragonblood : LHP Earl Farley
Batting: RHB Stanley van de Ven 0-0: Foul Ball, location: 2F
0-1: Called Strike
0-2: Ball
1-2: Ball
2-2: SINGLE (Line Drive, 7LS)
Batting: RHB Harlan Peppers 0-0: Ball
Stanley van de Ven steals 2nd base
1-0: Bunted foul
1-1: Reached on error, E2 (Groundball, 2L)
Stanley van de Ven scores
Batting: LHB Sepulveda Zambrano 0-0: Ball
1-0: Ball
2-0: Called Strike
2-1: Foul Ball, location: 2F
2-2: Foul Ball, location: 2F
2-2: Ball
3-2: Ground out 4-3 (Groundball, 4)
Harlan Peppers to third
Batting: RHB Omer Yurtseven 0-0: Intentional Walk
Batting: RHB Daniel Bertrand 0-0: Foul Ball, location: 2F
0-1: Fly out, F4 (Flyball, 4MD)
Batting: RHB Shizuo Heiwajaima 0-0: Ball
1-0: Swinging Strike
1-1: Ball
2-1: Fielders Choice at 2nd, 6-4 (Groundball, 6)
Top of the 7th over - 1 run(s), 1 hit(s), 1 error(s), 1 left on base; South Beach 1 - Yellowknife 0
BOTTOM OF THE 7TH
Yellowknife Dragonblood batting - Pitching for South Beach Blaze : RHP Malulani Anakone
Batting: RHB Juan López 0-0: Called Strike
0-1: Reached on error, E5 (Groundball, 56)
Pinch Hitting: RHB Chong-yee Au-Yong 0-0: Foul Ball, location: 2F
0-1: Ball
Passed Ball!
Juan López to second
1-1: Ball
2-1: Called Strike
2-2: Fly out, F8 (Flyball, 8RS)
Batting: LHB Juan Macíel 0-0: Fly out, F6 (Flyball, 56D)
Batting: LHB Santiago Miranda 0-0: Foul Ball, location: 2F
0-1: Called Strike
0-2: Ground out 4-3 (Groundball, 4)
Bottom of the 7th over - 0 run(s), 0 hit(s), 1 error(s), 1 left on base; South Beach 1 - Yellowknife 0
TOP OF THE 8TH
South Beach Blaze batting - Pitching for Yellowknife Dragonblood : LHP Earl Farley
Now at SS: Riley Walker
Batting: RHB Greg Schiff 0-0: Called Strike
0-1: Ball
1-1: Ball
2-1: SINGLE (Groundball, 56D)
Batting: LHB Don Nordahl 0-0: Ball
1-0: Sac Bunt - play at first, batter OUT! 1-4
Greg Schiff to second
Batting: LHB Raymond Graham 0-0: Intentional Walk
Batting: RHB Stanley van de Ven 0-0: Ball
1-0: Ball
2-0: Called Strike
2-1: Called Strike
2-2: Foul Ball, location: 2F
2-2: Strikes out swinging
Batting: RHB Harlan Peppers 0-0: Ball
1-0: Called Strike
1-1: Foul Ball, location: 2F
1-2: Strikes out swinging
Top of the 8th over - 0 run(s), 1 hit(s), 0 error(s), 2 left on base; South Beach 1 - Yellowknife 0
BOTTOM OF THE 8TH
Yellowknife Dragonblood batting - Pitching for South Beach Blaze : RHP Malulani Anakone
Batting: RHB José García 0-0: Swinging Strike
0-1: Foul Ball, location: 2F
0-2: Ball
1-2: Fly out, F3 (Line Drive, 34)
Batting: SHB Sean Scheetz 0-0: Called Strike
0-1: Ball
1-1: Foul Ball, location: 2F
1-2: Ball
2-2: Foul Ball, location: 2F
2-2: Fly out, F7 (Flyball, 7LMF)
Batting: RHB Mareka Naidoo 0-0: Ball
1-0: Ball
2-0: Ball
3-0: Base on Balls
Batting: LHB Ashley Thachi 0-0: Ball
1-0: Ball
2-0: Called Strike
2-1: Called Strike
2-2: Fly out, F7 (Flyball, 78M)
Bottom of the 8th over - 0 run(s), 0 hit(s), 0 error(s), 1 left on base; South Beach 1 - Yellowknife 0
TOP OF THE 9TH
South Beach Blaze batting - Pitching for Yellowknife Dragonblood : LHP Earl Farley
Pitching: RHP Hasegawa Shoin
Batting: LHB Sepulveda Zambrano 0-0: Called Strike
0-1: Fly out, F6 (Popup, 6D)
Batting: RHB Omer Yurtseven 0-0: Called Strike
0-1: Ground out 5-3 (Groundball, 5)
Batting: RHB Daniel Bertrand 0-0: Called Strike
0-1: Swinging Strike
0-2: Foul Ball, location: 2F
0-2: Ball
1-2: Ball
2-2: Ball
3-2: Strikes out looking
Top of the 9th over - 0 run(s), 0 hit(s), 0 error(s), 0 left on base; South Beach 1 - Yellowknife 0
BOTTOM OF THE 9TH
Yellowknife Dragonblood batting - Pitching for South Beach Blaze : RHP Malulani Anakone
Pitching: LHP Arthur Clough
Batting: LHB Jayden Laming 0-0: Called Strike
0-1: Called Strike
0-2: Strikes out swinging
Batting: RHB Juan López 0-0: Ball
1-0: Fly out, F9 (Flyball, 9LS)
Pinch Hitting: RHB Alejandro Bracamonte 0-0: Foul Ball, location: 2F
0-1: Swinging Strike
0-2: Strikes out looking
Bottom of the 9th over - 0 run(s), 0 hit(s), 0 error(s), 0 left on base; South Beach 1 - Yellowknife 0
Monday, August 21st, 2017 - OOTP Baseball 17.12 Build 75